 Dungeon Crawl Stone Soup version 0.24.0-125-gc4c63601f3 (console) character file.

Game seed: 7008040192168650902, levelgen mode: deterministic

19987 Kagalorn the Tainter (level 12, 0/79 HPs)
             Began as an Octopode Venom Mage on Mar 11, 2020.
             Was a High Priest of Vehumet.
             Slain by an orc warrior
             ... wielding a +0 glaive
             ... led by an orc knight
              (15 damage)
             ... on level 2 of the Orcish Mines.
             The game lasted 01:12:28 (19877 turns).

Kagalorn the Tainter (Octopode Venom Mage)         Turns: 19877, Time: 01:12:29

Health: 0/79       AC:  3    Str:  7    XL:     12   Next: 74%
Magic:  17/21      EV: 12    Int: 22    God:    Vehumet [*****.]
Gold:   1664       SH: 13    Dex: 13    Spells: 5/24 levels left

rFire    . . .     SeeInvis +   a - +5 dagger (venom)
rCold    . . .     Gourm    .   y - +3 shield
rNeg     . . .     Faith    .   K - +2 hat {MR+}
rPois    .         Spirit   .   (no amulet)
rElec    .         Reflect  .   e - ring of flight
rCorr    .         Harm     .   E - ring of wizardry
MR       +....                  n - ring of see invisible
Stlth    ++++++....             (no ring)
HPRegen  0.23/turn              (no ring)
MPRegen  0.17/turn              (no ring)
                                (no ring)
                                (no ring)

@: no status effects
A: almost no armour, stealthy swim, amphibious, 8 rings, constrict 8, camouflage
1, gelatinous body 1
a: Renounce Religion, Evoke Flight


You were on level 2 of the Orcish Mines.
You worshipped Vehumet.
Vehumet was extremely pleased with you.
You were hungry.

You visited 3 branches of the dungeon, and saw 16 of its levels.

You collected 2772 gold pieces.
You spent 1108 gold pieces at shops.

Inventory:

Hand Weapons
 a - a +5 dagger of venom (weapon)
 j - a +0 quarterstaff
 m - a +2 trident of protection
 x - a +2 hand axe of flaming
 J - a +1 demon trident of pain
 N - the cursed +3 short sword "Conkusuosm" {drain, MP+9 Int+3}
   (You found it on level 9 of the Dungeon)

   A truly terrible weapon, it drains the life of those it strikes.
   It affects your intelligence (+3).
   It affects your magic capacity (+9).
   It has a curse placed upon it.
Missiles
 c - 350 stones (quivered)
 p - 3 datura-tipped darts
 v - 34 boomerangs
 Q - 10 javelins
Armour
 y - a +3 shield (worn)
 K - a +2 hat of magic resistance (worn)
Magical Staves
 O - an uncursed staff of earth
 P - an uncursed staff of conjuration
Jewellery
 e - a ring of flight (left tentacle)
 k - an uncursed ring of fire
 n - a ring of see invisible (on tentacle)
 z - the ring "Pahe" {*Slow rElec rC+ Int+3}
   (You acquired it on level 10 of the Dungeon)

   [ring of intelligence]

   It affects your intelligence (+3).
   It protects you from cold.
   It insulates you from electricity.
   It may slow you when you take damage.
 E - a ring of wizardry (right tentacle)
Wands
 r - a wand of polymorph (5)
 A - a wand of acid (4)
 D - a wand of iceblast (14)
 F - a wand of random effects (10)
 G - a wand of enslavement (10)
 H - a wand of flame (8)
 S - a wand of digging (2)
Scrolls
 d - 2 scrolls of teleportation
 l - 3 scrolls of enchant armour
 o - 4 scrolls of enchant weapon
 w - a scroll of amnesia
 C - a scroll of remove curse
 I - a scroll of fear
Potions
 f - 2 potions of mutation
 g - 5 potions of curing
 h - a potion of heal wounds
 i - a potion of haste
 q - 2 potions of flight
 s - 2 potions of magic
 t - a potion of brilliance
 u - a potion of agility
 B - a potion of degeneration {unknown}
 L - a potion of lignification
 M - 2 potions of berserk rage
Comestibles
 b - 15 rations


   Skills:
 - Level 6.1 Fighting
 - Level 2.0 Dodging
 - Level 10.8 Stealth
 * Level 9.3 Shields
 * Level 6.6 Spellcasting
 - Level 5.0 Conjurations
 - Level 3.0 Translocations
 * Level 5.6 Transmutations
 - Level 3.0 Fire Magic
 * Level 5.6 Earth Magic
 - Level 12.0 Poison Magic


You had 5 spell levels left.
You knew the following spells:

 Your Spells              Type           Power        Failure   Level  Hunger
a - Shock                 Conj/Air       ###.         1%          1    None
b - Poisonous Vapours     Pois/Air       ####..       1%          2    None
c - Irradiate             Conj/Tmut      ####......   7%          5    #####..
e - Conjure Flame         Conj/Fire      ####....     1%          3    #......
f - Statue Form           Tmut/Erth      ####.....    69%         6    ######.
g - Blink                 Tloc           N/A          3%          2    None

Your spell library contained the following spells:

 Spells                   Type           Power        Failure   Level  Hunger
 Iron Shot                Conj/Erth      ####......   28%         6    ######.
 Magic Dart               Conj           ####         1%          1    None
 Sting                    Conj/Pois      ####         1%          1    None
 Mephitic Cloud           Conj/Pois/Air  ####....     1%          3    #......
 Olgreb's Toxic Radiance  Pois           ######..     1%          4    ###....
 Venom Bolt               Conj/Pois      #####.....   1%          5    #####..
 Dazzling Spray           Conj/Hex       ###...       2%          3    #......
 Corona                   Hex            #......      8%          1    None
 Call Imp                 Summ           #.......     11%         2    None
 Ensorcelled Hibernation  Hex/Ice        #.....       11%         2    None
 Slow                     Hex            #.......     11%         2    None
 Confuse                  Hex            #.......     21%         3    #......
 Tukima's Dance           Hex            #.......     21%         3    #......
 Hydra Form               Tmut           ####......   69%         6    ######.
 Dragon Form              Tmut           ####......   99%         7    #######


Dungeon Overview and Level Annotations

Branches:
Dungeon (13/15)            Temple (1/1) D:4            Lair (0/6) D:10
    Orc (2/2) D:9             Elf (0/3) Orc:2
 Vaults: D:13-14

Altars:
Ashenzari
Cheibriados
Dithmenos
Elyvilon
Fedhas
Gozag
Hepliaklqana
Kikubaaqudgha
Makhleb
Nemelex Xobeh
Okawaru
Qazlal
Ru
Sif Muna
Trog
Uskayaw
Vehumet
Wu Jian
Xom
Yredelemnul
Zin
The Shining One
Beogh

Shops:
D:6 *   D:7 }   D:8 :?!*   D:11 (   Orc:1 *

Annotations:
D:4 Grinder
D:6 3 runed translucent doors, Descartes's ghost, novice VSFi
D:11 Harold
Orc:2 1 exclusion


Innate Abilities, Weirdness & Mutations

You cannot wear most types of armour.
You are very stealthy in the water. (Stealth+)
You are amphibious.
You can wear up to eight rings at the same time.
You can use your tentacles to constrict eight enemies at once.
Your skin changes colour to match your surroundings (Stealth+).
Your rubbery body absorbs attacks. (AC +1, EV +1)


Message History

Unknown command.
Press: ? - help, v - describe, . - travel
Here: a two-headed ogre, wielding a +0 giant spiked club and a +0 giant club The floor.
Unknown command.
Unknown command.
Unknown command.
Unknown command.
Unknown command.
Unknown command.
Unknown command.
Unknown command.
Unknown command.
Unknown command.
You kill the orc knight!
Vehumet accepts your kill.
You feel your power returning.
The orc warrior no longer looks unusually strong.
The orc warrior hits you from afar with a +0 glaive!
You die...

,,,,,,,,..#** #.........##
,,,,,,,,....*###.........###
,,,,_,,,....##...........#.#
,,,,,,,,..................##**
,,,,,,,,...........#.......#.*
,,,,,,,,.........###.........*
,,,,,,,*........o.###........*
,,,,,,,,..........###.......#*
,,,,,,,,........@...........#
,,,,,,,,....[...............#
,,,,,,,,....#............#.##
,,,,,,,,..####...........###
,**,,,,,..,* #........####
***,,,,,,*** ###........##
*,**,,,,* ##.#.........#
***,,,*** ##............#
***** ##...........).####


You could see an orc warrior.

Vanquished Creatures
  Jorgrun (Orc:1)
  5 two-headed ogres
  Urug (D:9)
  An unseen horror (D:12)
  3 orc knights
  An orc sorcerer (Orc:1)
  Maurice (D:8)
  A polar bear (D:9)
  5 trolls
  Prince Ribbit (D:8)
  A wraith (D:9)
  17 yaks
  A warg (Orc:1)
  A soldier ant (D:5)
  5 porcupines (D:10)
  16 orc warriors
  2 ice beasts
  3 phantoms
  A black bear (D:7)
  10 ogres
  A sky beast (D:8)
  A necrophage (D:9)
  5 centaurs
  4 crocodiles
  8 bullfrogs
  A wyvern skeleton (D:13)
  4 scorpions
  2 electric eels (D:10)
  A howler monkey (D:10)
  3 bullfrog zombies
  3 crimson imps
  A centaur zombie (D:10)
  12 orc priests
  5 hounds
  A jelly (D:12)
  5 bullfrog skeletons
  A centaur skeleton (D:9)
  Ijyb (D:4)
  4 iguanas
  17 orc wizards
  6 worker ants
  3 gnolls (D:9)
  A howler monkey skeleton (D:10)
  15 adders
  6 shadow imps
  A white imp (D:9)
  An ufetubus (D:8)
  2 adder zombies
  2 adder skeletons
  5 worms
  2 dart slugs
  3 leopard geckos
  75 orcs
  A ball python (D:3)
  6 bats
  2 giant cockroaches
  3 goblins
  19 hobgoblins
  17 jackals
  3 quokkas
  5 frilled lizards
  A jackal skeleton (D:8)
  5 kobolds
  A quokka simulacrum (D:9)
  7 rats
349 creatures vanquished.

Vanquished Creatures (others)
  25 fungi (D:10)
  8 plants (D:10)
33 creatures vanquished.

Grand Total: 382 creatures vanquished

Notes
Turn   | Place    | Note
-------+----------+-------------------------------------------
     0 | D:1      | Kagalorn the Octopode Venom Mage began the quest for the
                  | Orb.
     0 | D:1      | Reached XP level 1. HP: 11/11 MP: 3/3
   133 | D:1      | Reached skill level 4 in Poison Magic
   169 | D:1      | Reached XP level 2. HP: 12/17 MP: 1/5
   173 | D:1      | Learned a level 2 spell: Poisonous Vapours
   703 | D:2      | Reached skill level 5 in Poison Magic
   703 | D:2      | Reached XP level 3. HP: 21/21 MP: 0/6
   922 | D:2      | Found a white marble altar of Elyvilon.
   935 | D:2      | Reached XP level 4. HP: 6/27 MP: 0/7
  1335 | D:2      | Reached skill level 6 in Poison Magic
  1793 | D:3      | Reached XP level 5. HP: 28/31 MP: 8/8
  2156 | D:3      | Reached skill level 7 in Poison Magic
  2186 | D:3      | Found a glowing golden altar of the Shining One.
  2309 | D:3      | Reached XP level 6. HP: 36/36 MP: 9/9
  2630 | D:4      | Reached skill level 8 in Poison Magic
  2866 | D:4      | Noticed Ijyb
  2883 | D:4      | Killed Ijyb
  2922 | D:4      | Found a staircase to the Ecumenical Temple.
  2978 | D:4      | Noticed Grinder
  2997 | D:3      | Reached skill level 9 in Poison Magic
  3075 | D:4      | Reached XP level 7. HP: 16/41 MP: 8/10
  3323 | Temple   | Entered the Ecumenical Temple
  3590 | Temple   | Became a worshipper of Vehumet
  3615 | D:4      | Learned a level 2 spell: Blink
  3619 | D:4      | Learned a level 3 spell: Conjure Flame
  3755 | D:4      | Found a shattered altar of Ashenzari.
  3849 | D:4      | Reached skill level 1 in Translocations
  3849 | D:4      | Reached skill level 1 in Fire Magic
  3867 | D:5      | Entered Level 5 of the Dungeon
  4469 | D:5      | Found a hide-covered altar of Uskayaw.
  4585 | D:5      | Noticed a soldier ant
  4795 | D:5      | Reached XP level 8. HP: 38/46 MP: 4/11
  5037 | D:5      | Reached skill level 10 in Poison Magic
  5447 | D:6      | Found a sacrificial altar of Ru.
  5462 | D:6      | Reached * piety under Vehumet
  5462 | D:6      | Offered knowledge of Shock by Vehumet.
  5465 | D:6      | Learned a level 1 spell: Shock
  5519 | D:6      | Found a runed translucent gate.
  5521 | D:6      | Found a runed translucent gate.
  5521 | D:6      | Found a runed translucent gate.
  5524 | D:6      | Noticed Descartes's ghost (novice VSFi)
  6076 | D:6      | Found Attiebie's General Store.
  6084 | D:6      | Bought a scroll of remove curse for 33 gold pieces
  6084 | D:6      | Bought a scroll of identify for 22 gold pieces
  6200 | D:7      | Found Comab's Gadget Boutique.
  6384 | D:7      | Found an iron altar of Okawaru.
  6432 | D:7      | Reached XP level 9. HP: 35/51 MP: 1/12
  6529 | D:7      | Reached skill level 5 in Conjurations
  6548 | D:7      | Reached skill level 11 in Poison Magic
  6594 | D:7      | Found a snail-covered altar of Cheibriados.
  6631 | D:7      | Reached skill level 5 in Stealth
  7079 | D:7      | Reached ** piety under Vehumet
  7079 | D:7      | Offered knowledge of Throw Frost by Vehumet.
  7305 | D:8      | Found Riudia's Magic Scroll Shop.
  7311 | D:8      | Bought a scroll of identify for 24 gold pieces
  7311 | D:8      | Bought a scroll of fear for 42 gold pieces
  7311 | D:8      | Bought a scroll of identify for 24 gold pieces
  7311 | D:8      | Bought a scroll of teleportation for 36 gold pieces
  7311 | D:8      | Bought a scroll of amnesia for 42 gold pieces
  7311 | D:8      | Bought a scroll of identify for 24 gold pieces
  7311 | D:8      | Bought a scroll of teleportation for 36 gold pieces
  7323 | D:8      | Found Hewkoch's Book Emporium.
  7383 | D:8      | Noticed a troll
  7431 | D:8      | Noticed Maurice
  7456 | D:8      | Killed Maurice
  7672 | D:8      | Killed a troll
  7755 | D:8      | Found a sparkling altar of Nemelex Xobeh.
  7762 | D:8      | Noticed Prince Ribbit
  7842 | D:8      | Found a basalt altar of Yredelemnul.
  7867 | D:8      | Found a bloodstained altar of Trog.
  7942 | D:8      | Noticed a two-headed ogre
  8181 | D:8      | Found Ifecwot's Distillery.
  8202 | D:8      | Killed Prince Ribbit
  8202 | D:8      | Reached skill level 10 in Stealth
  8539 | D:8      | Killed a two-headed ogre
  8539 | D:8      | Reached skill level 1 in Fighting
  8539 | D:8      | Reached skill level 1 in Shields
  8539 | D:8      | Reached XP level 10. HP: 45/60 MP: 3/14
  8617 | D:8      | Found Jolusm's General Store.
  8997 | D:9      | Found a staircase to the Orcish Mines.
  9008 | D:9      | Found an ornate altar of the Wu Jian Council.
  9295 | D:9      | Got a fine short sword
  9364 | D:9      | Found a burning altar of Makhleb.
  9384 | D:9      | Found a shimmering blue altar of Sif Muna.
  9935 | D:9      | Offered knowledge of Throw Flame by Vehumet.
 10218 | D:9      | Identified the cursed +3 short sword "Conkusuosm" {drain,
                  | MP+9 Int+3} (You found it on level 9 of the Dungeon)
 10322 | D:9      | Reached *** piety under Vehumet
 10707 | D:9      | Reached skill level 12 in Poison Magic
 11084 | D:9      | Found a roughly hewn altar of Beogh.
 11095 | D:9      | Offered knowledge of Inner Flame by Vehumet.
 11153 | D:9      | Reached XP level 11. HP: 50/70 MP: 11/18
 11448 | D:9      | Found a shimmering altar of Xom.
 11510 | D:10     | Entered Level 10 of the Dungeon
 11851 | D:10     | Reached skill level 5 in Spellcasting
 11987 | D:10     | Reached skill level 5 in Shields
 12012 | D:10     | Reached skill level 5 in Fighting
 12460 | D:9      | Found a staircase to the Orcish Mines.
 13202 | D:9      | Found a staircase to the Orcish Mines.
 13230 | D:9      | Reached **** piety under Vehumet
 13385 | D:10     | Noticed a two-headed ogre
 13409 | D:10     | Killed a two-headed ogre
 13515 | D:10     | Offered knowledge of Static Discharge by Vehumet.
 13780 | D:10     | Found a staircase to the Lair.
 14195 | D:10     | Identified 3 scrolls of acquirement
 14302 | D:8      | Bought a book of Transfigurations for 825 gold pieces
 14310 | D:8      | Learned a level 6 spell: Statue Form
 14405 | D:11     | Found Taamarud's Weapon Shop.
 14405 | D:11     | Noticed Harold
 14415 | D:10     | Learned a level 5 spell: Irradiate
 14509 | D:10     | Got a bound platinum ring
 14510 | D:10     | Identified the ring "Pahe" {*Slow rElec rC+ Int+3} (You
                  | acquired it on level 10 of the Dungeon)
 14527 | D:11     | You fall into a shaft and drop 2 floors!
 14528 | D:13     | Noticed a six-headed hydra
 14552 | D:13     | Noticed a brown ugly thing
 14760 | D:13     | Reached skill level 1 in Transmutations
 14760 | D:13     | Reached skill level 1 in Earth Magic
 15025 | D:12     | Noticed an unseen horror
 15036 | D:12     | Killed an unseen horror
 15112 | D:11     | Noticed a two-headed ogre
 15262 | Orc:1    | Entered Level 1 of the Orcish Mines
 15268 | Orc:1    | Noticed Urug
 15573 | D:9      | Killed Urug
 15719 | Orc:1    | Found Lekautax's Assorted Antiques.
 15799 | Orc:1    | Noticed Jorgrun
 16190 | Orc:1    | Reached ***** piety under Vehumet
 16254 | Orc:1    | Offered knowledge of Iron Shot by Vehumet.
 16470 | Orc:1    | HP: 5/108 [Jorgrun/uncursed staff of earth (4)]
 16471 | Orc:1    | Killed Jorgrun
 16471 | Orc:1    | Reached XP level 12. HP: 6/79 MP: 16/20
 16959 | Orc:1    | HP: 3/79 [orc warrior/+0 halberd (20)]
 17692 | Orc:2    | Entered Level 2 of the Orcish Mines
 18676 | Orc:2    | Found a bloodstained altar of Trog.
 19375 | Orc:2    | Noticed a two-headed ogre
 19400 | Orc:2    | Killed a two-headed ogre
 19400 | Orc:2    | Reached skill level 5 in Transmutations
 19400 | Orc:2    | Reached skill level 5 in Earth Magic
 19525 | Orc:2    | Found a staircase to the Elven Halls.
 19531 | Orc:2    | Noticed a two-headed ogre
 19532 | Orc:2    | Noticed a two-headed ogre
 19560 | Orc:2    | Killed a two-headed ogre
 19619 | Orc:2    | Noticed a two-headed ogre
 19640 | Orc:2    | Killed a two-headed ogre
 19855 | Orc:2    | Noticed a two-headed ogre
 19877 | Orc:2    | Slain by an orc warrior

Levels and vault maps discovered:
D:1:      wheals_arrival_linesprint, layout_rooms
D:2:      layout_basic, elyvilon_altar_5
D:3:      layout_basic, first_ration, tso_metal_star
D:4:      layout_rooms, cheibrodos_ashenzari_chains,
          minmay_temple_entry_offerings, minmay_manual_moon, uniq_ijyb,
          uniq_crazy_yiuf_cottage, uniq_grinder
D:5:      layout_loops_corners, lemuel_round_altar, wad_rectangle_vault
D:6:      layout_loops_cross, serial_shops, nicolae_shop_waterfront,
          gammafunk_ghost_necromancy, nicolae_ru_sacrificial_ziggurat
D:7:      layout_basic, overflow_temple_1_default, cheibrodos_worm_habitat,
          serial_shops, nicolae_shop_trees
D:8:      layout_cave_pools, kennysheep_little_box, kennysheep_mini,
          nemelex_xobeh_ov_fountains_minmay, serial_shops, kennysheep_mini_moat,
          nicolae_shop_waterfront, shop, shop, uniq_maurice, uniq_prince_ribbit1
D:9:      layout_roguey [special_room_orc], xom_teletrap_fun,
          grunt_temple_overflow_open, orc_0_dummy, serial_ice, serial_ice_e,
          serial_ice_i, serial_ice_a, serial_ice_b
D:10:     layout_basic, due_lair_maze_entry_diamond
D:11:     minmay_general_purpose_star, layout_loops_ring, serial_shops,
          bzr_entry_gold, shop, nicolae_shop_trees,
          nicolae_shop_temple_entry_statues_fountains, uniq_harold, uniq_fannar
D:12:     layout_roguey, serial_shops, shop, uniq_nessos
D:13:     layout_cave_pods, david_vaults_5, serial_shops,
          nicolae_shop_behind_doors
Temple:   compressed_dpeg_triangle_lava_temple
Orc:1:    cheibrodos_orc_bank, layout_caves, serial_shops,
          nicolae_shop_overgrown_old_shop, uniq_urug, uniq_jorgrun
Orc:2:    st_orc_ogre_mass, layout_diamond_mine, basic_altar, bloody_trog

Skill      XL: |  1  2  3  4  5  6  7  8  9 10 11 12 |
---------------+-------------------------------------+-----
Poison Magic   | 4 5 6 7 9 10 11 12 | 12.0
Translocations | 2 3 |  3.0
Fire Magic     | 2 3 |  3.0
Conjurations   | 2 4 5 |  5.0
Stealth        | 4 10 | 10.8
Fighting       | 1 4 6 |  6.1
Shields        | 1 4 8 9 |  9.3
Spellcasting   | 4 5 6 |  6.6
Transmutations | 4 5 |  5.6
Earth Magic    | 4 5 |  5.6
Dodging        | |  2.0

Action                   |  1- 3 |  4- 6 |  7- 9 | 10-12 || total
-------------------------+-------+-------+-------+-------++-------
Melee: Unarmed           |     4 |     9 |       |       ||    13
       Constrict         |    10 |    16 |    30 |    50 ||   106
       Dagger            |    39 |    70 |   129 |   293 ||   531
       Tentacles         |     6 |    10 |    20 |    44 ||    80
 Cast: Sting             |    23 |     8 |     1 |       ||    32
       Poisonous Vapours |     6 |    33 |   102 |   309 ||   450
       Shock             |       |       |    34 |   186 ||   220
       Conjure Flame     |       |       |     5 |    17 ||    22
       Blink             |       |       |       |    14 ||    14
       Irradiate         |       |       |       |     4 ||     4
Evoke: Wand              |       |       |     1 |     2 ||     3
  Use: Scroll            |       |       |     8 |    15 ||    23
       Potion            |       |       |     1 |     2 ||     3
 Stab: Sleeping          |     5 |    10 |     5 |     3 ||    23
  Eat: Chunk             |       |    10 |    17 |    28 ||    55
       Ration            |       |       |     2 |     3 ||     5
Armor: Skin              |     2 |     5 |     7 |    23 ||    37
Dodge: Dodged            |    19 |    47 |    78 |   171 ||   315
Block: Shield            |       |       |       |   139 ||   139
